 Dungeon Crawl Stone Soup version 0.30.1-9-gdf580d7c3d (webtiles) character file.

Game seed: 10084346055874094046

825 Ivernyr the Shield-Bearer (level 8, -1/62 HPs)
             Began as a Formicid Fighter on Sept 24, 2023.
             Slain by a hornet (5 damage)
             ... on level 5 of the Dungeon.
             The game lasted 00:07:21 (4126 turns).

Ivernyr the Shield-Bearer (Formicid Fighter)        Turns: 4126, Time: 00:07:22

Health: -1/62      AC: 10    Str: 22    XL:     8   Next: 17%
Magic:  0/8        EV:  8    Int:  9    God:
Gold:   148        SH:  5    Dex: 13    Spells: 7/7 levels left

rFire   + . .        a - +0 quarterstaff
rCold   . . .        c - +0 buckler
rNeg    . . .        b - +1 chain mail {rF+}
rPois   .            (helmet unavailable)
rElec   .            (no cloak)
rCorr   .            (no gloves)
SInv    +            (no boots)
Will    .....        v - amulet of guardian spirit Stlth
                     (no ring)
HPRegen 0.30/turn    (no ring)
MPRegen 0.11/turn

%: guardian spirit
@: lethally poisoned (-1 -> -5)
A: permanent stasis, dig shafts and tunnels, antennae 3, four strong arms
a: Dig, Shaft Self


You were on level 5 of the Dungeon.
You visited 1 branch of the dungeon, and saw 5 of its levels.

You collected 168 gold pieces.
You spent 20 gold pieces at shops.

Inventory:

Hand Weapons
 a - a +0 quarterstaff (weapon)
Armour
 b - a +1 chain mail of fire resistance (worn)
 c - a +0 buckler (worn)
Jewellery
 v - an amulet of guardian spirit (around neck)
Wands
 m - a wand of iceblast (12)
Scrolls
 f - a scroll of fog
 h - a scroll of immolation {unknown}
 i - a scroll of butterflies {unknown}
 j - a scroll of fear {unknown}
 l - a scroll of poison {unknown}
 n - 3 scrolls of teleportation
 o - a scroll of noise {unknown}
 r - a scroll of amnesia {unknown}
 s - a scroll of enchant armour {unknown}
 t - a scroll of blinking {unknown}
Potions
 d - a potion of might
 e - a potion of curing
 g - a potion of attraction {unknown}
 k - 2 potions of flight
 p - a potion of heal wounds {unknown}
 q - 2 potions of invisibility
 u - a potion of mutation {unknown}
 w - a potion of degeneration {unknown}
 x - a potion of cancellation {unknown}
 z - a potion of brilliance


   Skills:
 + Level 5.3 Fighting
 * Level 5.7 Staves
 + Level 5.3 Armour
 + Level 6.5 Shields


You had 7 spell levels left.
You didn't know any spells.
Your spell library contained the following spells:

 Spells                   Type           Power      Damage    Failure   Level
 Summon Small Mammal      Summ           0%         N/A       96%         1
 Static Discharge         Conj/Air       0%         2-2/arc   99%         2
 Call Canine Familiar     Summ           0%         N/A       100%        3
 Frozen Ramparts          Ice            0%         1d1       100%        3
 Summon Guardian Golem    Hex/Summ       0%         N/A       100%        3
 Tukima's Dance           Hex            0%         N/A       100%        3
 Airstrike                Air            0%         2d(0-16)  100%        4
 Ice Form                 Ice/Tmut       0%         N/A       100%        4
 Passage of Golubria      Tloc           0%         N/A       100%        4
 Summon Ice Beast         Ice/Summ       0%         N/A       100%        4
 Summon Lightning Spire   Summ/Air       0%         N/A       100%        4
 Yara's Violent Unravell  Hex/Tmut       0%         3d3       100%        5


Dungeon Overview and Level Annotations

Branches:
Dungeon (5/15)
 Temple: D:4-7

Altars:
Ashenzari
Dithmenos
Trog
Xom

Shops:
D:1 (   D:2 =   D:5 ?

Annotations:
D:3 1 runed translucent door, Kelnin's ghost, amateur MfWn


Innate Abilities, Weirdness & Mutations

You cannot be hasted, slowed, berserked, paralysed or teleported.
You can dig through walls and to a lower floor.
You have a pair of large antennae on your head. (SInv)
Your four strong arms can wield two-handed weapons with a shield.


Message History

Your stasis prevents you from being slowed.
You barely miss the hornet.
The hornet is moderately wounded.
You feel sick. You block the hornet's attack.
You hit the hornet.
The hornet is moderately wounded.
You feel sick. The hornet barely misses you.
The hornet stings you but does no damage.
You closely miss the hornet.
The hornet is moderately wounded.
You feel sick. The hornet stings you!
You are more poisoned.
Your stasis prevents you from being slowed.
The hornet stings you but does no damage.
You closely miss the hornet.
The hornet is moderately wounded.
You feel very sick. You block the hornet's attack.
You closely miss the hornet.
The hornet is moderately wounded.
You feel very sick. The hornet barely misses you. The hornet stings you.
* * * LOW HITPOINT WARNING * * *
Your stasis prevents you from being slowed.
You hit the hornet.
The hornet is moderately wounded.
You feel very sick. The hornet stings you!
* * * LOW HITPOINT WARNING * * *
Your stasis prevents you from being slowed.
You block the hornet's attack.
You hit the hornet.
The hornet is heavily wounded.
* * * LOW HITPOINT WARNING * * *
You feel sick. You block the hornet's attack.
You hit the hornet.
The hornet is heavily wounded.
* * * LOW HITPOINT WARNING * * *
You feel sick. The hornet stings you!
You die...

###..........###.....##.###.....#
#########..).......##.# ##...##
#####......##.# ##.###
#......##.# #.... ##..#####.#
##.## ####..####.# #.#
#.......##.# ###.##
#.###...##.####..... #
#@....##....#.#.##
#y##...####.#.#.##
#.......###.#.#...
#######.....#.#.##
.............#.##
#####..#####.#.## #..#.. #...##
#..#.#.#...## #..#.#.#.#..#


You could see a hornet.

Vanquished Creatures
  Sigmund (D:2)
  A black bear (D:4)
  An ogre (D:5)
  A centaur (D:5)
  A scorpion (D:5)
  An orc priest (D:4)
  2 hounds (D:5)
  3 iguanas
  7 gnolls
  4 adders
  2 worms
  A dart slug (D:3)
  3 orcs
  4 bats
  6 endoplasms
  5 giant cockroaches
  3 goblins
  5 hobgoblins
  4 quokkas
  14 ball pythons
  3 frilled lizards
  6 kobolds
  3 rats
81 creatures vanquished.

Notes
Turn   | Place    | Note
-------+----------+-------------------------------------------
     0 | D:1      | Ivernyr the Formicid Fighter began the quest for the Orb.
     0 | D:1      | Reached XP level 1. HP: 18/18 MP: 1/1
    85 | D:1      | Reached XP level 2. HP: 24/24 MP: 2/2
   393 | D:1      | Reached XP level 3. HP: 25/29 MP: 3/3
   815 | D:1      | Found Duus's Weapon Shop.
  1343 | D:2      | Noticed Sigmund
  1358 | D:2      | Killed Sigmund
  1359 | D:2      | Reached skill level 5 in Shields
  1359 | D:2      | Reached XP level 4. HP: 20/37 MP: 4/4
  1359 | D:2      | Reached XP level 5. HP: 23/42 MP: 5/5
  1359 | D:2      | Reached XP level 6. HP: 26/48 MP: 6/6
  1440 | D:2      | Found Pafoc Jeiz's Jewellery Shoppe.
  1925 | D:3      | Noticed Kelnin's ghost (amateur MfWn)
  1928 | D:3      | Found a runed translucent door.
  2479 | D:3      | Found a broken altar of Ashenzari.
  2972 | D:4      | Reached XP level 7. HP: 38/55 MP: 5/7
  3260 | D:5      | Entered Level 5 of the Dungeon
  3260 | D:5      | Found Badiddad's Magic Scroll Emporium.
  3273 | D:5      | Bought a scroll of identify for 20 gold pieces
  3422 | D:5      | Reached skill level 5 in Staves
  3483 | D:5      | Found a bloodstained altar of Trog.
  3545 | D:5      | Found a shimmering altar of Xom.
  3548 | D:5      | Found a shadowy altar of Dithmenos.
  3559 | D:5      | Reached skill level 6 in Shields
  3692 | D:5      | Reached skill level 5 in Fighting
  3723 | D:5      | Reached skill level 5 in Armour
  3870 | D:5      | Reached XP level 8. HP: 10/62 MP: 1/8
  3925 | D:5      | Noticed a hornet
  3935 | D:5      | HP: 3/62 [black bear (3)]
  4126 | D:5      | Slain by a hornet

Illustrated notes

Levels and vault maps discovered:
D:1:      evilmike_arrival_hilbert_curve, layout_loops_ring, serial_shops,
          nicolae_shop_waterfront
D:2:      layout_basic, serial_shops, nicolae_shop_stone, kennysheep_donut,
          uniq_sigmund
D:3:      layout_loops_cross, mainiacjoe_overflow_alcove_1,
          hellmonk_ghost_happy_afterlife, nrook_uturn
D:4:      layout_basic, kennysheep_generic_room_8
D:5:      layout_basic, lemuel_crystal_altar, lemuel_round_altar,
          amcnicky_altar_gilded, serial_shops, shop

Skill      XL: |  1  2  3  4  5  6  7 |
---------------+----------------------+-----
Fighting       | 4 5 |  5.3
Staves         | 4 5 |  5.7
Armour         | 4 5 |  5.3
Shields        | 5 6 |  6.5

Action                     |  1- 3 |  4- 6 |  7- 9 || total
---------------------------+-------+-------+-------++-------
  Melee: Quarterstaff      |   127 |    89 |    69 ||   285
    Use: Scroll            |       |       |     5 ||     5
         Potion            |       |       |     3 ||     3
 Armour: Scale mail        |    37 |    27 |     6 ||    70
         Chain mail        |       |       |    35 ||    35
  Dodge: Dodged            |    50 |    56 |    39 ||   145
  Block: Buckler           |    25 |    32 |    21 ||    78
